 Dungeon Crawl Stone Soup version 0.22.0-13-g43fe8f24b8 (console) character file.

11998 trump2020 the Impaler (level 11, -5/138 HPs)
             Began as a Merfolk Earth Elementalist on Aug 17, 2018.
             Was a High Priest of Trog.
             Slain by a 17-headed hydra (7 damage)
             ... on level 1 of the Lair of Beasts.
             The game lasted 00:40:59 (13954 turns).

trump2020 the Impaler (Merfolk Earth Elementalist) Turns: 13954, Time: 00:41:00

Health: -5/138     AC: 18    Str: 15    XL:     11   Next: 86%
Magic:  0/14       EV: 13    Int: 15    God:    Trog [*****.]
Gold:   756        SH:  0    Dex: 16    Spells: 14/14 levels left

rFire    . . .     SeeInvis .   a - +0 halberd
rCold    + . .     Gourm    .   (shield currently unavailable)
rNeg     . . .     Faith    .   j - quicksilver dragon scales
rPois    .         Spirit   +   t - +2 helmet
rElec    .         Reflect  .   C - +0 cloak
rCorr    .         Harm     .   q - +1 pair of gloves
MR       +....                  (no boots)
Stlth    ..........             P - amulet of guardian spirit
HPRegen  0.33/turn              e - ring of protection from cold
MPRegen  0.14/turn              (no ring)

@: berserking (expiring), very quick
A: change form in water, swift swim, stealthy swim
a: Berserk, Trog's Hand, Brothers in Arms, Renounce Religion


You were on level 1 of the Lair of Beasts.
You worshipped Trog.
Trog was extremely pleased with you.
You were very hungry.

You visited 2 branches of the dungeon, and saw 11 of its levels.

You collected 882 gold pieces.
You spent 126 gold pieces at shops.


   Skills:
 + Level 10.4 Fighting
 - Level 2.8 Short Blades
 - Level 16.0 Polearms
 + Level 7.3 Armour
 + Level 3.9 Dodging
 - Level 2.1 Stealth
 - Level 1.9 Unarmed Combat
 - Level 2.0 Spellcasting
   Level 1.3 Transmutations
   Level 2.4 Earth Magic


You had 14 spell levels left.
You didn't know any spells.
Your spell library contained the following spells:

 Spells                   Type           Power        Failure   Level  Hunger
 Confuse                  Hex            #.......     75%         3    ###....
 Mephitic Cloud           Conj/Pois/Air  #.......     75%         3    ###....
 Venom Bolt               Conj/Pois      #.........   100%        5    ######.
 Olgreb's Toxic Radiance  Pois           #.......     98%         4    #####..
 Sting                    Conj/Pois      #...         36%         1    #......
 Stone Arrow              Conj/Erth      #.....       58%         3    ###....
 Confusing Touch          Hex            #.....       36%         1    #......
 Passwall                 Tmut/Erth      #.......     28%         2    ###....
 Metabolic Englaciation   Hex/Ice        #.........   100%        5    ######.
 Lee's Rapid Deconstruct  Erth           #.........   99%         5    ######.
 Sandblast                Erth           #.....       16%         1    #......
 Petrify                  Tmut/Erth      #.......     88%         4    #####..
 Gell's Gravitas          Tloc           #.........   75%         3    ###....
 Yara's Violent Unravell  Hex/Tmut       #.........   100%        5    ######.
 Poisonous Vapours        Pois/Air       #.....       52%         2    ###....

Inventory:

Hand Weapons
 a - a +0 halberd (weapon)
 b - a +1 short sword of draining
 c - a +0 trident
 u - a +1 dagger of venom
 w - a +0 blowgun
 I - the +8 dagger of Daiqi {holy, rPois MR+ Int-5 Dex+6}
   (You found it on level 10 of the Dungeon)

   It has been blessed by the Shining One to cause great damage to the undead
   and demons.
   It affects your intelligence (-5).
   It affects your dexterity (+6).
   It protects you from poison.
   It affects your resistance to hostile enchantments.
Missiles
 f - 25 sling bullets
 h - 335 stones (quivered)
 l - 53 poisoned needles
 G - a throwing net
Armour
 j - quicksilver dragon scales (worn)
 q - a +1 pair of gloves (worn)
 t - a +2 helmet (worn)
 C - a +0 cloak (worn)
 F - a +1 chain mail of fire resistance
 K - a +3 plate armour
Jewellery
 e - a ring of protection from cold (left hand)
 M - an uncursed amulet of regeneration
 P - an amulet of guardian spirit (around neck)
Wands
 B - a wand of iceblast (8)
Scrolls
 i - 6 scrolls of remove curse
 n - 3 scrolls of teleportation
 s - 3 scrolls of magic mapping {unknown}
 x - 2 scrolls of enchant weapon {unknown}
 y - a scroll of amnesia
 z - a scroll of fear
 A - 2 scrolls of fog
 E - 4 scrolls of blinking {unknown}
Potions
 k - 4 potions of curing
 m - a potion of brilliance
 r - 2 potions of berserk rage {!q}
 v - 4 potions of heal wounds
 H - 2 potions of flight
 J - a potion of might
Comestibles
 d - 29 rations


Message History

Unknown command.
Unknown command.
You chop one of the 16-headed hydra's heads off!
The 15-headed hydra grows two more!
You slice the 17-headed hydra!!
The 17-headed hydra is severely wounded.
The 17-headed hydra bites you but does no damage. x4
The 17-headed hydra bites you.
* * * LOW HITPOINT WARNING * * *
The 17-headed hydra bites you but does no damage.
The 17-headed hydra bites you.
* * * LOW HITPOINT WARNING * * *
The 17-headed hydra bites you but does no damage.
The 17-headed hydra bites you.
* * * LOW HITPOINT WARNING * * *
The 17-headed hydra bites you but does no damage.
The 17-headed hydra bites you.
* * * LOW HITPOINT WARNING * * *
The 17-headed hydra bites you but does no damage. x3
The 17-headed hydra bites you!
You die...

##..# #.... #..## ##... ###.##
#.... ##..#### #..... ##.#...P#
#..... #..#....## .......
###.......## ###.....
##..........# #.....
###.........@.# #.....
##...........D## ......
#.............##
##..............## #......
##................# #.....#.
##...............#.## ##.......
.#...............#..## #........
#...............#.#..####....#.##
#...........>...###...##......#..


You could see a 17-headed hydra.

Vanquished Creatures
  3 two-headed ogres
  Pikel (D:6)
  A necromancer (D:9)
  Maurice (D:8)
  Joseph (D:7)
  A black mamba (Lair:1)
  2 trolls
  2 hippogriffs
  8 yaks
  A basilisk (Lair:1)
  A hog (D:7)
  A human (D:7)
  3 wargs (D:9)
  3 water moccasins
  5 porcupines (Lair:1)
  3 slaves (D:7)
  2 ice beasts
  A phantom (D:5)
  3 orc warriors
  A black bear (D:7)
  4 sky beasts
  3 ogres
  5 centaurs
  4 crocodiles
  4 bullfrogs
  A big kobold (D:8)
  4 scorpions
  13 wights
  An electric eel (D:8)
  2 crimson imps
  9 hounds
  A centaur skeleton (D:7)
  2 orc priests
  4 quasits
  A bullfrog skeleton (D:8)
  A gnoll shaman (D:5)
  10 orc wizards
  Ijyb (D:5)
  6 iguanas
  2 polar bear simulacra (D:9)
  4 worker ants
  A yak simulacrum (D:9)
  4 wolf simulacra (D:9)
  Robin (D:2)
  9 gnolls
  8 adders
  4 shadow imps
  An ooze (D:5)
  2 adder zombies
  2 worms (D:3)
  2 dart slugs (D:4)
  2 leopard geckos
  43 orcs
  5 bats
  6 giant cockroaches
  14 goblins
  6 hobgoblins
  18 jackals
  10 kobolds
  4 quokkas
  A frilled lizard (D:3)
  A leopard gecko skeleton (D:6)
  A quokka skeleton (D:5)
  3 rats
  4 river rat simulacra (D:9)
278 creatures vanquished.

Vanquished Creatures (others)
  An orc wizard (D:8)
1 creature vanquished.

Grand Total: 279 creatures vanquished

Notes
Turn   | Place    | Note
-------+----------+-------------------------------------------
     0 | D:1      | trump2020 the Merfolk Earth Elementalist began the quest for the Orb.
     0 | D:1      | Reached XP level 1. HP: 13/13 MP: 3/3
   340 | D:1      | Reached skill level 1 in Unarmed Combat
   414 | D:1      | Reached XP level 2. HP: 5/19 MP: 1/5
   685 | D:1      | mmm
   861 | D:1      | Reached skill level 1 in Short Blades
  1064 | D:2      | Noticed Sigmund
  1352 | D:2      | Noticed Robin
  1382 | D:2      | Reached XP level 3. HP: 23/24 MP: 6/6
  1436 | D:2      | Killed Robin
  1836 | D:3      | Reached skill level 1 in Polearms
  2080 | D:3      | Reached skill level 2 in Polearms
  2080 | D:3      | Reached XP level 4. HP: 30/30 MP: 7/7
  2205 | D:3      | Reached skill level 3 in Polearms
  2422 | D:3      | lol
  2432 | D:3      | just. lol
  2658 | D:3      | Reached skill level 4 in Polearms
  2670 | D:3      | Reached XP level 5. HP: 35/35 MP: 8/8
  3065 | D:4      | Found a bloodstained altar of Trog.
  3065 | D:4      | Found a shattered altar of Ashenzari.
  3065 | D:4      | Found a sparkling altar of Nemelex Xobeh.
  3072 | D:4      | Became a worshipper of Trog the Wrathful
  3173 | D:4      | Found a staircase to the Ecumenical Temple.
  3187 | D:4      | Found a glowing silver altar of Zin.
  3212 | D:4      | Reached skill level 5 in Polearms
  3335 | D:4      | Found a snail-covered altar of Cheibriados.
  3393 | D:4      | Found a hazy altar of Hepliaklqana.
  3393 | D:4      | Found an ancient bone altar of Kikubaaqudgha.
  3395 | D:4      | Found a deep blue altar of Sif Muna.
  3427 | D:4      | Reached skill level 6 in Polearms
  3607 | D:4      | Reached XP level 6. HP: 40/41 MP: 9/9
  3828 | D:5      | Entered Level 5 of the Dungeon
  3828 | D:5      | Noticed an ice beast
  3876 | D:4      | Reached skill level 7 in Polearms
  4265 | D:4      | Killed an ice beast
  4265 | D:4      | Reached skill level 8 in Polearms
  4310 | D:5      | Reached XP level 7. HP: 27/46 MP: 10/10
  4486 | D:5      | Reached skill level 9 in Polearms
  4528 | D:5      | Noticed Ijyb
  4544 | D:5      | Killed Ijyb
  4721 | D:5      | Reached skill level 10 in Polearms
  4759 | D:5      | Found Xienar's Assorted Antiques.
  4955 | D:5      | Bought a scroll of identify for 56 gold pieces
  4965 | D:5      | Noticed Menkaure
  5184 | D:5      | Reached * piety under Trog
  5289 | D:5      | Reached skill level 1 in Fighting
  5289 | D:5      | Reached skill level 11 in Polearms
  5289 | D:5      | Reached XP level 8. HP: 52/54 MP: 11/11
  5645 | D:5      | Reached skill level 1 in Armour
  5907 | D:6      | Reached skill level 3 in Fighting
  5995 | D:6      | Noticed a two-headed ogre
  6028 | D:5      | Killed a two-headed ogre
  6028 | D:5      | Reached skill level 12 in Polearms
  6028 | D:5      | Reached skill level 3 in Armour
  6028 | D:5      | Reached XP level 9. HP: 25/67 MP: 12/12
  6409 | D:6      | Reached ** piety under Trog
  6850 | D:7      | mmm lajatang
  6854 | D:7      | meh
  6999 | D:7      | Found Axem's Distillery.
  7022 | D:7      | Bought a potion of heal wounds for 70 gold pieces
  7086 | D:7      | Reached skill level 13 in Polearms
  7101 | D:7      | Reached skill level 6 in Fighting
  7121 | D:7      | Noticed Pikel
  7674 | D:7      | Reached XP level 10. HP: 77/77 MP: 13/13
  7826 | D:7      | Noticed Prince Ribbit
  8098 | D:6      | Killed Pikel
  8374 | D:8      | Reached *** piety under Trog
  8405 | D:7      | Reached skill level 14 in Polearms
  8454 | D:8      | Noticed Maurice
  8667 | D:8      | Noticed Joseph
  8711 | D:7      | Killed Joseph
  9248 | D:8      | Killed Maurice
  9248 | D:8      | Reached skill level 6 in Armour
  9605 | D:9      | Reached XP level 11. HP: 87/87 MP: 14/14
  9612 | D:9      | Found Kaynuqex's Antique Weapon Shop.
  9630 | D:9      | Reached **** piety under Trog
  9638 | D:9      | Reached skill level 9 in Fighting
  9638 | D:9      | Reached skill level 15 in Polearms
  9665 | D:9      | Noticed a two-headed ogre
  9747 | D:8      | Killed a two-headed ogre
 10105 | D:9      | Found a staircase to the Lair.
 10249 | D:9      | Noticed a necromancer
 10279 | D:9      | Killed a necromancer
 10385 | D:9      | Found a shimmering altar of Xom.
 10392 | D:9      | Found a basalt altar of Yredelemnul.
 10401 | D:9      | Found an ornate altar of the Wu Jian Council.
 10622 | D:10     | Entered Level 10 of the Dungeon
 10643 | D:10     | Noticed a two-headed ogre
 10678 | D:10     | Killed a two-headed ogre
 10828 | D:10     | Got a smoking dagger
 10989 | D:10     | Reached ***** piety under Trog
 11305 | D:10     | Noticed Erica
 11309 | D:10     | mmm
 11494 | D:10     | Found a staircase to the Orcish Mines.
 11715 | Lair:1   | Entered Level 1 of the Lair of Beasts
 11899 | D:9      | Found Kaynuqex's Antique Weapon Shop.
 11906 | D:9      | Found a staircase to the Lair.
 12005 | D:9      | Found a basalt altar of Yredelemnul.
 12007 | D:9      | Found a shimmering altar of Xom.
 12007 | D:9      | Found an ornate altar of the Wu Jian Council.
 12347 | D:9      | Found Kaynuqex's Antique Weapon Shop.
 12354 | D:9      | Found a staircase to the Lair.
 12412 | D:9      | Found a basalt altar of Yredelemnul.
 12414 | D:9      | Found a shimmering altar of Xom.
 12414 | D:9      | Found an ornate altar of the Wu Jian Council.
 13240 | Lair:1   | Identified the +8 dagger of Daiqi {holy, rPois MR+ Int-5 Dex+6} (You found it on level 10 of the Dungeon)
 13269 | Lair:1   | Reached skill level 16 in Polearms
 13367 | Lair:1   | Noticed an oklob plant
 13368 | Lair:1   | Noticed an oklob plant
 13368 | Lair:1   | Noticed an oklob plant
 13396 | Lair:1   | Reached skill level 3 in Dodging
 13811 | Lair:1   | Noticed a six-headed hydra
 13951 | Lair:1   | HP: 27/138 [14-headed hydra (3)]
 13951 | Lair:1   | HP: 13/138 [14-headed hydra (9)]
 13954 | Lair:1   | HP: 6/138 [17-headed hydra (3)]
 13954 | Lair:1   | HP: 2/138 [17-headed hydra (4)]
 13954 | Lair:1   | Slain by a 17-headed hydra

Vault maps used:
D:1:      dpeg_arrival_orchard
D:2:      uniq_sigmund, uniq_robin
D:4:      overflow_temple_1_default, grunt_temple_overflow_open,
          kennysheep_slug_shrine, gammafunk_temple_overflow_claw,
          temple_statues, first_ration
D:5:      serial_shops, kennysheep_little_box, uniq_menkaure, uniq_ijyb
D:6:      minivault_22
D:7:      serial_shops, nicolae_shop_temple_entry_statues_fountains,
          grunt_livestock, roderic_roman_lattice, uniq_pikel,
          uniq_prince_ribbit1
D:8:      kennysheep_cross_bottleneck, kennysheep_small_circle, uniq_joseph,
          uniq_maurice
D:9:      grunt_temple_overflow_diamond, erik_lair_orcish_takeover,
          serial_shops, shop_coins, hangedman_decor_riveting,
          eino_house_with_fridge
D:10:     hiddenorc1_lemuel, uniq_erica
Lair:1:   enter_volcano_2, beast_lair_carwin_9, minmay_lair_oklob_chamber

Action                   |  1- 3 |  4- 6 |  7- 9 | 10-12 || total
-------------------------+-------+-------+-------+-------++-------
Melee: Unarmed           |    29 |       |       |       ||    29
       Short sword       |    74 |   168 |       |       ||   242
       Trident           |       |       |   598 |   108 ||   706
       Punch             |       |       |     3 |       ||     3
       Halberd           |       |       |       |   663 ||   663
 Fire: Blowgun           |       |     6 |       |       ||     6
Throw: Stone             |       |     4 |     6 |     3 ||    13
 Cast: Sandblast         |     8 |       |       |       ||     8
Invok: Berserk           |       |       |     1 |     5 ||     6
  Use: Scroll            |     2 |     4 |     1 |     7 ||    14
 Stab: Sleeping          |     2 |       |     2 |     2 ||     6
       Distracted        |       |     1 |       |     2 ||     3
  Eat: Chunk             |     4 |     6 |    13 |    14 ||    37
       Ration            |       |       |       |     3 ||     3
Armor: Robe              |     8 |       |       |       ||     8
       Leather armour    |    16 |    11 |       |       ||    27
       Quicksilver drago |       |    63 |   220 |   289 ||   572
Dodge: Dodged            |    68 |    81 |   206 |   264 ||   619
